 Dungeon Crawl Stone Soup version 0.27-a0-1196-g3e9cee4cb2 (webtiles) character file.

Game seed: 6227229430129523807

9275 freelancePsychic the Grappler (level 11, -3/101 HPs)
             Began as a Ghoul Monk on May 28, 2021.
             Was a Follower of Uskayaw.
             Slain by a six-headed hydra (6 damage)
             ... on level 9 of the Dungeon.
             The game lasted 00:28:23 (13703 turns).

freelancePsychic the Grappler (Ghoul Monk)         Turns: 13703, Time: 00:28:24

Health: -3/101     AC: 12    Str: 19    XL:     11   Next: 44%
Magic:  0/13       EV:  7    Int:  5    God:    Uskayaw [*.....]
Gold:   451        SH: 14    Dex: 11    Spells: 10/10 levels left

rFire    . . .     SeeInvis +     - Unarmed
rCold    + . .     Faith    .   r - +3 kite shield
rNeg     + + +     Spirit   +   g - +0 chain mail
rPois    ∞         Reflect  .   a - +2 hat
rElec    .         Harm     .   (no cloak)
rCorr    .         Rampage  .   (no gloves)
Will     .....                  n - +0 pair of boots
Stlth    ..........             h - amulet of guardian spirit
HPRegen  0.00/turn              z - ring of see invisible
MPRegen  0.13/turn              (no ring)

@: no status effects
A: claws 1, cold resistance 1, negative energy resistance 3, inhibited
regeneration, torment resistance 2
a: Renounce Religion, Stomp


You were on level 9 of the Dungeon.
You worshipped Uskayaw.
Uskayaw was noncommittal.
You visited 1 branch of the dungeon, and saw 9 of its levels.
You also visited: Sewer and Bailey.

You collected 451 gold pieces.

Inventory:

Missiles
 b - 3 atropa-tipped darts (quivered)
 f - 40 poisoned darts
 m - a curare-tipped dart
Armour
 a - a +2 hat (worn)
 g - a +0 chain mail (worn)
 n - a +0 pair of boots (worn)
 r - a +3 kite shield (worn)
Jewellery
 c - a ring of fire
 h - an amulet of guardian spirit (around neck)
 k - the ring of Colan {Fly rN+ Int+4 Dex-2}
   (You found it on level 7 of the Dungeon)

   [ring of positive energy]

   It affects your intelligence (+4).
   It affects your dexterity (-2).
   It protects you from negative energy.
   It grants you flight.
 x - a ring of wizardry
 z - a ring of see invisible (left claw)
Wands
 d - a wand of charming (17)
 j - a wand of iceblast (4)
 l - a wand of flame (6)
 p - a wand of polymorph (2)
Scrolls
 i - 2 scrolls of enchant weapon
 o - a scroll of noise
 t - 2 scrolls of enchant armour
Potions
 e - a potion of mutation {unknown}
 q - 2 potions of magic {unknown}
 s - 2 potions of curing {@q1}
 w - a potion of heal wounds {unknown}


   Skills:
 + Level 10.8 Fighting
 - Level 0.3 Throwing
 - Level 4.2 Armour
 - Level 2.6 Dodging
 - Level 2.1 Stealth
 + Level 8.2 Shields
 - Level 11.1 Unarmed Combat
 - Level 4.5 Invocations


You had 10 spell levels left.
You didn't know any spells.
Your spell library contained the following spells:

 Spells                   Type           Power      Damage    Failure   Level
 Corona                   Hex            0%         N/A       100%        1
 Foxfire                  Conj/Fire      0%         2x1d4     100%        1
 Freeze                   Ice            0%         1d3       100%        1
 Magic Dart               Conj           0%         1d3       100%        1
 Slow                     Hex            0%         N/A       100%        2
 Static Discharge         Conj/Air       0%         N/A       100%        2
 Inner Flame              Hex/Fire       0%         N/A       100%        3
 Portal Projectile        Hex/Tloc       0%         N/A       100%        3
 Cause Fear               Hex            0%         N/A       100%        4
 Hailstorm                Conj/Ice       0%         3d3       100%        4
 Leda's Liquefaction      Hex/Erth       0%         N/A       100%        4
 Sticky Flame             Conj/Fire      0%         2d3       100%        4
 Orb of Destruction       Conj           0%         N/A       100%        7


Dungeon Overview and Level Annotations

Branches:
Dungeon (9/15)             Temple (0/1) D:7            Lair (0/6) D:8
  Sewer (visited)          Bailey (visited)
    Orc: D:9-12

Altars:
Fedhas
Okawaru
Trog
Uskayaw
Wu Jian

Shops:
D:4 :   D:8 (


Innate Abilities, Weirdness & Mutations

You thrive by killing the living.
You are immune to poison.
You have sharp fingernails.
Your flesh is cold resistant. (rC+)
You are immune to negative energy. (rN+++)
You do not regenerate when monsters are visible.
You are immune to unholy pain and torment.


Message History

The six-headed hydra closely misses you.
The six-headed hydra bites you but does no damage.
The six-headed hydra bites you.
The six-headed hydra bites you but does no damage.
The six-headed hydra bites you! The six-headed hydra bites you.
You block the wyvern's attack.
You scratch the wyvern.
The wyvern is severely wounded.
The six-headed hydra bites you but does no damage.
The six-headed hydra bites you! The six-headed hydra bites you.
You block the six-headed hydra's attack.
The six-headed hydra bites you! The six-headed hydra barely misses you.
The wyvern hisses menacingly.
You block the wyvern's attack.
You can now pass through a line of other dancers.
You mangle the wyvern!!
You kill the wyvern!
The six-headed hydra completely misses you.
You block the six-headed hydra's attack.
The six-headed hydra bites you!
* * * LOW HITPOINT WARNING * * *
You block the six-headed hydra's attack.
The six-headed hydra bites you.
* * * LOW HITPOINT WARNING * * *
You block the six-headed hydra's attack.
Aiming: Line Pass
Press: ? - help, Dir - move target, p - six-headed hydra The six-headed hydra appears confused.
You can no longer pass through a line of other dancers.
The six-headed hydra seems less confused.
The six-headed hydra bites you!
* * * LOW HITPOINT WARNING * * *
You block the six-headed hydra's attack. x2
The six-headed hydra bites you but does no damage. x2
The six-headed hydra bites you!
* * * LOW HITPOINT WARNING * * *
Found 12 gold pieces.
Okay, then.
The six-headed hydra bites you!
You die...

#...#####...##+#####....#
#...........# #....#
#...........# #....######
#...........# #.........#
#..#'####...# #.........#
#..#....#...########........##
###..#....#...................#
.....#....#....D..............#
.....#....#.....@..>..........#
.....#....#.............#######
.....#....#.....#######.#
.....#....#.....#.....#.#
.....######.....#.....#.#
................#.....'.#
...............##.....#.#
...............#......#.#
...............#####'##.######


You could see a six-headed hydra.

Vanquished Creatures
  Gastronok (D:8)
  Erica (D:7)
  2 two-headed ogres
  A hornet (D:8)
  9 yaks
  A wyvern (D:9)
  A steam dragon (D:9)
  Menkaure (D:5)
  3 water moccasins
  5 orc warriors
  3 black bears
  An ogre (D:6)
  3 kobold brigands
  7 bullfrogs
  4 scorpions
  A water moccasin skeleton (D:4)
  15 wights
  5 electric eels
  3 howler monkeys (D:6)
  A centaur zombie (D:8)
  A bullfrog zombie (D:7)
  2 jellies
  3 bullfrog skeletons
  5 orc priests
  A gnoll shaman (D:7)
  An iguana (D:4)
  6 orc wizards
  A killer bee zombie (D:7)
  2 hound skeletons
  2 howler monkey zombies
  11 adders
  11 gnolls
  A river rat (Sewer)
  A shadow imp (D:7)
  A white imp (D:5)
  A worm (D:2)
  2 dart slugs
  24 orcs
  7 ball pythons
  7 endoplasms
  10 giant cockroaches
  17 goblins
  12 hobgoblins
  5 jackals
  5 quokkas
  A bat (D:3)
  4 frilled lizards
  21 kobolds
  10 rats
243 creatures vanquished.

Vanquished Creatures (others)
  27 fungi (D:8)
  41 plants (D:8)
68 creatures vanquished.

Grand Total: 311 creatures vanquished

Notes
Turn   | Place    | Note
-------+----------+-------------------------------------------
     0 | D:1      | freelancePsychic the Ghoul Monk began the quest for the
                  | Orb.
     0 | D:1      | Reached XP level 1. HP: 19/19 MP: 0/0
    95 | D:1      | Identified the Handbook of Icy Confrontation
   114 | D:1      | Reached XP level 2. HP: 26/26 MP: 1/1
   504 | D:1      | Reached skill level 4 in Unarmed Combat
   504 | D:1      | Reached XP level 3. HP: 30/31 MP: 2/2
  1377 | D:1      | Reached skill level 1 in Shields
  1377 | D:1      | Reached XP level 4. HP: 39/40 MP: 3/3
  1691 | D:2      | Found a faded altar of an unknown god.
  1977 | D:3      | Reached skill level 5 in Unarmed Combat
  1977 | D:3      | Reached XP level 5. HP: 11/46 MP: 4/4
  1980 | D:3      | Found a glowing drain.
  2000 | Sewer    | Entered a sewer
  2273 | Sewer    | Noticed a kobold brigand
  2323 | Sewer    | Killed a kobold brigand
  2324 | Sewer    | Reached XP level 6. HP: 38/52 MP: 5/5
  2476 | D:3      | Found a blossoming altar of Fedhas.
  2481 | D:3      | Found a hide-covered altar of Uskayaw.
  2580 | D:3      | Became a worshipper of Uskayaw the Reveller
  2580 | D:3      | Reached * piety under Uskayaw
  2942 | D:2      | Reached ** piety under Uskayaw
  3055 | D:3      | Found an iron altar of Okawaru.
  3219 | D:4      | Reached skill level 6 in Unarmed Combat
  3567 | D:4      | Reached *** piety under Uskayaw
  3569 | D:4      | Reached XP level 7. HP: 51/58 MP: 6/6
  3571 | D:4      | Reached **** piety under Uskayaw
  3661 | D:4      | Found Joloall's Book Emporium.
  4262 | D:5      | Entered Level 5 of the Dungeon
  4810 | D:5      | Noticed Menkaure
  4823 | D:5      | Killed Menkaure
  4824 | D:5      | Reached skill level 7 in Unarmed Combat
  4824 | D:5      | Reached skill level 1 in Invocations
  5930 | D:6      | Reached XP level 8. HP: 67/67 MP: 8/8
  6479 | D:6      | Reached skill level 8 in Unarmed Combat
  6701 | D:6      | Reached skill level 5 in Fighting
  6882 | D:6      | Found an ornate altar of the Wu Jian Council.
  7091 | D:7      | Found a flagged portal.
  7110 | Bailey   | Entered a bailey
  7303 | Bailey   | Reached skill level 9 in Unarmed Combat
  7388 | Bailey   | Found the +4 skin of Zhor {*Englaciate rC+++ SInv}
  7388 | Bailey   | Found an iron altar of Okawaru.
  7388 | Bailey   | Noticed a kobold demonologist
  7388 | Bailey   | Noticed an orc high priest
  7395 | Bailey   | Reached skill level 1 in Armour
  7534 | Bailey   | HP: 3/68 [orc warrior/+0 war axe (12)]
  7540 | Bailey   | Reached XP level 9. HP: 17/74 MP: 1/11
  8632 | D:7      | Found a staircase to the Ecumenical Temple.
  9063 | D:7      | Noticed a boulder beetle
  9078 | D:8      | Noticed Erica
  9482 | D:7      | Noticed a two-headed ogre
  9922 | D:8      | Reached skill level 10 in Unarmed Combat
  9975 | D:8      | Reached ***** piety under Uskayaw
 10154 | D:8      | Found a staircase to the Lair.
 10574 | D:8      | Noticed Gastronok
 11183 | D:7      | Identified the ring of Colan {Fly rN+ Int+4 Dex-2}
 11243 | D:7      | Reached XP level 10. HP: 69/86 MP: 9/12
 11380 | D:7      | Killed a two-headed ogre
 11381 | D:7      | Reached skill level 5 in Shields
 11631 | D:7      | Killed Erica
 11632 | D:7      | Reached skill level 11 in Unarmed Combat
 11938 | D:8      | Killed Gastronok
 12102 | D:8      | Found Enist's Weapon Shoppe.
 12129 | D:8      | Reached XP level 11. HP: 90/97 MP: 13/13
 12168 | D:8      | Noticed a two-headed ogre
 12182 | D:8      | Killed a two-headed ogre
 12183 | D:8      | Reached skill level 10 in Fighting
 12430 | D:8      | Found a bloodstained altar of Trog.
 13619 | D:9      | Noticed a six-headed hydra
 13656 | D:9      | HP: 3/101 [six-headed hydra (13)]
 13703 | D:9      | Slain by a six-headed hydra

Illustrated notes

Levels and vault maps discovered:
D:1:      minmay_arrival_open_corners, layout_loops_ring
D:2:      layout_loops_ring, basic_ecumenical_altar
D:3:      layout_rooms, lemuel_doored_altar, grunt_temple_overflow_open,
          portal_sewer_entry_f
D:4:      layout_basic, serial_shops, shop, st_stairs_5
D:5:      layout_basic, uniq_menkaure
D:6:      layout_gridville, lemuel_round_altar
D:7:      layout_layer_cave, minmay_temple_entry_stoned_glass, enter_bailey_3,
          kennysheep_small_spiral, minmay_liquid_box, kennysheep_generic_room_6
D:8:      layout_rooms, kennysheep_mini_moat, due_lair_maze_entry_diamond,
          serial_shops, shop, uniq_gastronok, uniq_erica
D:9:      layout_irregular_city, nicolae_ru_sacrificial_ziggurat,
          dk_noncrumbling_3, kennysheep_generic_room_14

Skill      XL: |  1  2  3  4  5  6  7  8  9 10 11 |
---------------+----------------------------------+-----
Unarmed Combat | 4 5 6 7 9 10 11 | 11.1
Shields        | 1 2 3 4 7 8 |  8.2
Fighting       | 4 5 7 9 10 | 10.8
Invocations    | 2 4 |  4.5
Armour         | 2 4 |  4.2
Throwing       | |  0.3
Dodging        | |  2.6
Stealth        | |  2.1

Action                   |  1- 3 |  4- 6 |  7- 9 | 10-12 || total
-------------------------+-------+-------+-------+-------++-------
Melee: Unarmed           |   118 |   227 |   384 |   179 ||   908
Throw: Dart              |       |     9 |    26 |    10 ||    45
       Throwing net      |       |       |       |     3 ||     3
Invok: Stomp             |       |       |     2 |       ||     2
       Line Pass         |       |       |       |     1 ||     1
Evoke: Wand              |       |       |     8 |     5 ||    13
  Use: Scroll            |       |     5 |    11 |       ||    16
       Potion            |       |       |     6 |     2 ||     8
 Stab: Sleeping          |     3 |       |       |       ||     3
       Paralysed         |       |     1 |    14 |     7 ||    22
Armor: Robe              |     7 |       |       |       ||     7
       Chain mail        |    25 |   114 |   129 |    76 ||   344
Dodge: Dodged            |    50 |    40 |    83 |    33 ||   206
Block: Buckler           |     4 |    65 |    52 |       ||   121
       Kite shield       |       |       |   148 |   133 ||   281

Table legend: (Time is in decaauts)
 A = Elapsed time spent in this place.
 B = Non-inter-level travel time spent in this place.
 C = Inter-level travel time spent in this place.
 D = Time resting spent in this place.
 E = Time spent auto-exploring this place.
 F = Levels seen in this place.
 G = Mean time per level.
                   A        B        C        D        E       F      G
               +--------+--------+--------+--------+--------+-----+--------+
         Total |  13774 |  13244 |    530 |   4509 |   6171 |  11 | 1252.2 |
       Dungeon |  12142 |  11612 |    530 |   3696 |   5727 |   9 | 1349.1 |
         Sewer |    510 |    510 |      0 |    190 |    204 |   1 |  510.0 |
        Bailey |   1120 |   1120 |      0 |    623 |    240 |   1 | 1120.0 |
               +--------+--------+--------+--------+--------+-----+--------+

Top non-repeatable levels by time:
     D:7: 3042 daAuts
     D:5: 1586 daAuts
     D:8: 1415 daAuts
     D:1: 1297 daAuts
     D:4: 1247 daAuts
     D:6: 1240 daAuts
  Bailey: 1120 daAuts
     D:3: 844 daAuts
     D:2: 784 daAuts
     D:9: 684 daAuts
   Sewer: 510 daAuts
